 Dungeon Crawl Stone Soup version 0.29-a0-284-gf9362112df (webtiles) character file.

Game seed: 18417365616659125778

44 sammy202020 the Skirmisher (level 3, -5/31 HPs)
             Began as a Palentonga Fighter on Mar 27, 2022.
             Slain by an orc priest
             ... wielding a +0 trident
              (8 damage)
             ... on level 3 of the Dungeon.
             The game lasted 00:01:23 (2024 turns).

sammy202020 the Skirmisher (Palentonga Fighter)     Turns: 2024, Time: 00:01:24

Health: -5/31      AC:  7    Str: 19    XL:     3   Next: 41%
Magic:  3/3        EV:  5    Int: 10    God:
Gold:   80         SH:  4    Dex:  9    Spells: 2/2 levels left

rFire   . . .      SeeInvis +   a - +0 war axe
rCold   . . .      Faith    .   c - +0 buckler
rNeg    . . .      Spirit   .   e - +0 chain mail
rPois   .          Reflect  .   (no helmet)
rElec   .          Harm     .   (no cloak)
rCorr   .          Rampage  .   (no gloves)
Will    .....                   (no barding)
Stlth   ..........              (no amulet)
HPRegen 0.10/turn               (no ring)
MPRegen 0.08/turn               (no ring)

@: mighty
A: large, rugged brown scales 3, see invisible, deformed body, roll 1, armoured
tail
a: Rolling Charge


You were on level 3 of the Dungeon.
You visited 1 branch of the dungeon, and saw 3 of its levels.

You collected 80 gold pieces.

Inventory:

Hand Weapons
 a - a +0 war axe (weapon)
Armour
 c - a +0 buckler (worn)
 e - a +0 chain mail (worn)
Jewellery
 b - a +4 ring of evasion
 i - an amulet of faith
Scrolls
 f - a scroll of fog {unknown}
 g - a scroll of enchant armour {unknown}
 h - 2 scrolls of teleportation {unknown}
 j - a scroll of vulnerability {unknown}
 k - a scroll of immolation {unknown}
 m - a scroll of identify {unknown}
Potions
 d - a potion of might
 l - a potion of degeneration {unknown}
 n - a potion of cancellation {unknown}


   Skills:
 * Level 3.5 Fighting
 * Level 2.7 Axes
 + Level 2.6 Armour
 + Level 2.6 Shields


You had 2 spell levels left.
You didn't know any spells.
Your spell library was empty.

Dungeon Overview and Level Annotations

Branches:
Dungeon (3/15)

Altars:


Innate Abilities, Weirdness & Mutations

You are completely covered in rugged brown scales. (AC +3, +7% HP)
You have supernaturally acute eyesight. (SInv)
Armour fits poorly on your strangely shaped body.
You can roll at nearby foes to attack.
You have a long armoured tail.


Message History

You hear a shout!
The orc shouts!
There are monsters nearby!
There are monsters nearby!
A goblin comes into view. It is wielding a +0 dagger.
The goblin shouts!
The orc priest shouts!
You roll forward with a clatter of scales!
You hit the orc but do no damage. You barely miss the goblin.
The goblin hits you with a +0 dagger.
The orc priest looks encouraged for a moment.
The orc hits you with a +0 war axe.
You closely miss the orc. You barely miss the orc. You miss the goblin.
You block the goblin's attack. The orc barely misses you.
You block the orc's attack. The goblin barely misses you.
The orc hits you with a +0 war axe. The orc hits you but does no damage.
You closely miss the orc.
You tail-slap the orc, but do no damage.
You hit the orc. x2; You hit the goblin.
You kill the goblin!
The orc hits you but does no damage. x2
The orc priest mumbles some strange prayers to Beogh against you.
Beogh smites you!
* * * LOW HITPOINT WARNING * * *
The orc barely misses you.
Okay, then.
You feel very mighty all of a sudden. You block the orc's attack.
The orc hits you with a +0 dagger.
* * * LOW HITPOINT WARNING * * *
The orc priest completely misses you. The orc hits you but does no damage.
You slash the orc!
You kill the orc!
You slash the orc!
You kill the orc!
You slash the orc!
You kill the orc!
The orc priest hits you from afar with a +0 trident.
* * * LOW HITPOINT WARNING * * *
The orc priest hits you from afar with a +0 trident.
* * * LOW HITPOINT WARNING * * *
The orc priest hits you with a +0 trident!
You die...

#........# #. #........#
#. #........# ##. ####
#)...†...# . .. ..#
#........#
..####.###.####........#
.........#.............'
.........#..###........#
......o@)#...######.....
.......).#.#.# #.....
##.....)...#.# #.....
...........#.## #.....
##....)....#..#####.....
#...............##[....
........................
##...............#......
#...............#.#####


You could see an orc priest.

Vanquished Creatures
  2 worms
  A dart slug (D:2)
  3 orcs (D:3)
  A ball python (D:3)
  5 bats
  4 endoplasms
  4 goblins
  3 hobgoblins
  2 jackals (D:1)
  A quokka (D:2)
  3 kobolds
  A rat (D:3)
30 creatures vanquished.

Vanquished Creatures (others)
  3 plants (D:1)
3 creatures vanquished.

Grand Total: 33 creatures vanquished

Notes
Turn   | Place    | Note
-------+----------+-------------------------------------------
     0 | D:1      | sammy202020 the Palentonga Fighter began the quest for the
                  | Orb.
     0 | D:1      | Reached XP level 1. HP: 19/19 MP: 1/1
   267 | D:1      | Reached XP level 2. HP: 20/25 MP: 2/2
  1703 | D:3      | Reached XP level 3. HP: 28/31 MP: 3/3
  2024 | D:3      | Slain by an orc priest

Illustrated notes

Levels and vault maps discovered:
D:1:      lightli_arrival_flooded_house, layout_rooms, kennysheep_nondescript,
          kennysheep_boxes
D:2:      layout_loops_corners, grunt_decor_one_mirror, minmay_misc_feat_cross,
          grunt_decor_mini_mirrors
D:3:      layout_basic, chequers_ecumenical_altar_grove

Action                   || total
-------------------------++-------
Melee: War axe           ||    79
       Tailslap          ||    11
 Abil: Rolling Charge    ||     1
  Use: Potion            ||     1
Armor: Chain mail        ||    62
       Scale mail        ||     1
Dodge: Dodged            ||    20
Block: Buckler           ||    16

Table legend: (Time is in decaauts)
 A = Elapsed time spent in this place.
 B = Non-inter-level travel time spent in this place.
 C = Inter-level travel time spent in this place.
 D = Time resting spent in this place.
 E = Time spent auto-exploring this place.
 F = Levels seen in this place.
 G = Mean time per level.
                   A        B        C        D        E       F      G
               +--------+--------+--------+--------+--------+-----+--------+
         Total |   2057 |   2043 |     14 |      0 |   1772 |   3 |  685.7 |
       Dungeon |   2057 |   2043 |     14 |      0 |   1772 |   3 |  685.7 |
               +--------+--------+--------+--------+--------+-----+--------+

Top non-repeatable levels by time:
     D:2: 1013 daAuts
     D:1: 664 daAuts
     D:3: 379 daAuts
